 Dungeon Crawl Stone Soup version 0.21.1-1-g345015f (webtiles) character file.

84 xccam the Cudgeler (level 4, 0/58 HPs)
             Began as a Minotaur Berserker on Feb 13, 2018.
             Was a Follower of Trog.
             Slain by a hippogriff (1 damage)
             ... on level 3 of the Dungeon.
             The game lasted 00:03:43 (1821 turns).

xccam the Cudgeler (Minotaur Berserker)             Turns: 1821, Time: 00:03:44

Health: 0/58       AC:  7    Str: 27    XL:     4   Next: 24%
Magic:  3/3        EV: 11    Int:  4    God:    Trog [*.....]
Gold:   97         SH:  0    Dex: 10    Spells: 3/3 levels left

rFire    . . .     SeeInvis .   g - +0 flail
rCold    . . .     Gourm    .   (no shield)
rNeg     . . .     Faith    .   d - +0 scale mail
rPois    .         Spirit   .   (helmet restricted)
rElec    .         Reflect  .   (no cloak)
rCorr    .         Harm     .   a - +0 pair of gloves
MR       .....                  (no boots)
Stlth    ..........             (no amulet)
HPRegen  0.19/turn              f - ring of loudness
MPRegen  0.08/turn              (no ring)

@: berserking, very quick
A: retaliatory headbutt, horns 2
a: Berserk, Burn Spellbooks, Renounce Religion


You were on level 3 of the Dungeon.
You worshipped Trog.
Trog was aware of your devotion.
You were hungry.

You visited 1 branch of the dungeon, and saw 3 of its levels.

You collected 97 gold pieces.

Inventory:

Hand Weapons
 g - a +0 flail (weapon)
 k - a +0 whip
Armour
 a - a +0 pair of gloves (worn)
 d - a +0 scale mail (worn)
Jewellery
 f - a ring of loudness (left hand)
Scrolls
 j - 2 scrolls of identify
Potions
 b - a potion of flight {unknown}
 e - a potion of lignification {unknown}
 i - 2 potions of might
Comestibles
 c - 5 rations


   Skills:
 - Level 3.6 Fighting
 + Level 6.2 Maces & Flails
 - Level 2.4 Armour
 - Level 2.1 Dodging


You had 3 spell levels left.
You didn't know any spells.

Dungeon Overview and Level Annotations

Branches:
Dungeon (3/15)

Altars:
Xom


Innate Abilities, Weirdness & Mutations

You reflexively headbutt those who attack you in melee.
You have a pair of horns on your head.


Message History

You hit the hippogriff but do no damage.
The hippogriff is heavily wounded.
The hippogriff bites you. The hippogriff pecks you!
* * * LOW HITPOINT WARNING * * *
The hippogriff claws you but does no damage.
Unknown command.
You bludgeon the hippogriff!! You headbutt the hippogriff.
The hippogriff is almost dead.
The hippogriff bites you.
* * * LOW HITPOINT WARNING * * *
The hippogriff pecks you.
* * * LOW HITPOINT WARNING * * *
The hippogriff claws you but does no damage.
A red film seems to cover your vision as you go berserk!
You feel yourself moving faster!
You feel mighty!
You are feeling hungry.
The hippogriff barely misses you.
The hippogriff pecks you but does no damage.
The hippogriff claws you.
You die...

#####.#.#
#.......#
.......#
......# ....=
## .g..# ..
#H#.#.#
#####@#...#
#.......#
#.###.#.#
#...#.#
#.###.####...
#............
#####.#######
## #.......#
#<
#######.####
##


You could see a hippogriff and a hobgoblin.

Vanquished Creatures
  A worker ant zombie (D:2)
  3 adders
  3 worms
  A dart slug (D:2)
  A leopard gecko (D:2)
  2 giant cockroaches
  5 goblins (D:2)
  4 hobgoblins
  3 jackals (D:1)
  6 bats
  3 frilled lizards (D:2)
  2 kobolds
  A rat (D:2)
35 creatures vanquished.

Notes
Turn   | Place    | Note
-------+----------+-------------------------------------------
     0 | D:1      | xccam the Minotaur Berserker began the quest for the Orb.
     0 | D:1      | Reached XP level 1. HP: 19/19 MP: 0/0
   350 | D:1      | Reached skill level 4 in Maces & Flails
   403 | D:1      | Reached XP level 2. HP: 11/26 MP: 1/1
  1001 | D:2      | Found a shimmering altar of Xom.
  1005 | D:2      | Reached skill level 5 in Maces & Flails
  1066 | D:2      | Reached XP level 3. HP: 26/31 MP: 2/2
  1694 | D:3      | Reached skill level 6 in Maces & Flails
  1694 | D:3      | Reached XP level 4. HP: 39/39 MP: 3/3
  1814 | D:3      | Noticed a hippogriff
  1820 | D:3      | HP: 1/39 [hippogriff (5)]
  1821 | D:3      | Slain by a hippogriff

Skill      XL: |  1  2  3 |
---------------+----------+-----
Maces & Flails | 4 5 6 |  6.2
Fighting       | |  3.6
Armour         | |  2.4
Dodging        | |  2.1

Action                   |  1- 3 |  4- 6 || total
-------------------------+-------+-------++-------
Melee: Whip              |    36 |       ||    36
       Mace              |     9 |       ||     9
       Headbutt          |    15 |     4 ||    19
       Flail             |    36 |    14 ||    50
Invok: Burn Spellbooks   |     1 |       ||     1
       Berserk           |       |     1 ||     1
  Use: Scroll            |     8 |       ||     8
  Eat: Chunk             |     2 |     1 ||     3
Armor: Animal skin       |     6 |       ||     6
       Scale mail        |    24 |    11 ||    35
       Ring mail         |     4 |       ||     4
Dodge: Dodged            |    37 |     9 ||    46
